 Dungeon Crawl Stone Soup version 0.28-a0-476-g0f06bd746f (webtiles) character file.

Game seed: 17036892256528755193

238 siradein the Sneak (level 6, 0/55 HPs)
             Began as a Kobold Brigand on Sept 16, 2021.
             Was an Initiate of Gozag.
             Slain by a scorpion (3 damage)
             ... on level 4 of the Dungeon.
             The game lasted 00:04:58 (3528 turns).

siradein the Sneak (Kobold Brigand)                 Turns: 3528, Time: 00:04:59

Health: 0/55       AC:  7    Str:  9    XL:     6   Next: 28%
Magic:  6/6        EV: 15    Int: 12    God:    Gozag
Gold:   130        SH:  5    Dex: 18    Spells: 5/5 levels left

rFire   . . .      SeeInvis .   a - +2 dagger
rCold   . . .      Faith    .   x - +0 buckler
rNeg    . . .      Spirit   .   b - +0 robe
rPois   .          Reflect  .   (no helmet)
rElec   .          Harm     .   c - +0 cloak
rCorr   .          Rampage  .   (no gloves)
Will    .....                   (no boots)
Stlth   ..........              (no amulet)
HPRegen 0.18/turn               k - +4 ring of protection
MPRegen 0.10/turn               (no ring)

@: mighty, berserking, very quick
A: small, no large weapons, nightstalker 3
a: Renounce Religion, Potion Petition, Call Merchant, Bribe Branch


You were on level 4 of the Dungeon.
You worshipped Gozag.
Gozag was aware of your devotion.
You visited 1 branch of the dungeon, and saw 4 of its levels.

You collected 155 gold pieces.
You paid 25 gold pieces to Gozag.

Inventory:

Hand Weapons
 a - a +2 dagger (weapon)
Missiles
 d - 8 poisoned darts
 e - 2 curare-tipped darts
 m - 191 stones (quivered)
 t - 6 boomerangs
Armour
 b - a +0 robe (worn)
 c - a +0 cloak (worn)
 x - a +0 buckler (worn)
Magical Staves
 p - a staff of death
Jewellery
 k - a +4 ring of protection (left hand)
Scrolls
 j - a scroll of noise {unknown}
 o - 3 scrolls of immolation {unknown}
 q - 4 scrolls of identify {unknown}
 r - a scroll of acquirement {unknown}
 u - a scroll of fog {unknown}
 w - a scroll of brand weapon {unknown}
 y - a scroll of vulnerability {unknown}
Potions
 f - a potion of might
 g - a potion of resistance {unknown}
 h - a potion of invisibility {unknown}
 i - a potion of berserk rage
 l - a potion of cancellation {unknown}
 n - a potion of ambrosia {unknown}
 s - a potion of haste {unknown}
 v - a potion of mutation {unknown}


   Skills:
 + Level 3.5 Fighting
 + Level 4.3 Short Blades
 + Level 3.5 Throwing
 + Level 3.2 Dodging
 + Level 6.5 Stealth


You had 5 spell levels left.
You didn't know any spells.
Your spell library was empty.

Dungeon Overview and Level Annotations

Branches:
Dungeon (4/15)
 Temple: D:4-7

Altars:
Cheibriados
Gozag
Qazlal


Innate Abilities, Weirdness & Mutations

You are small and have problems with some larger weapons.
You are completely attuned to the shadows.


Message History

The gnoll is heavily wounded.
You feel sick.
The scorpion stings you but does no damage.
The gnoll closely misses you.
You hit the gnoll but do no damage.
The gnoll is heavily wounded.
You feel sick. The scorpion stings you.
* * * LOW HITPOINT WARNING * * *
The gnoll hits you but does no damage.
You closely miss the gnoll.
The gnoll is heavily wounded.
You feel sick.
You are no longer poisoned.
The scorpion closely misses you. The scorpion barely misses you.
The gnoll barely misses you.
You closely miss the gnoll.
The gnoll is heavily wounded.
The scorpion stings you.
* * * LOW HITPOINT WARNING * * *
Unknown command.
You closely miss the gnoll.
The gnoll is heavily wounded.
You block the gnoll's attack.
The scorpion stings you but does no damage.
It was a potion of might.
You feel very mighty all of a sudden. The gnoll barely misses you.
The scorpion closely misses you.
It was a potion of berserk rage.
A red film seems to cover your vision as you go berserk!
You feel yourself moving faster!
You feel mighty! The gnoll barely misses you. The scorpion barely misses you.
A gnoll comes into view. It is wielding a +0 spear.
The gnoll shouts!
You hit the gnoll.
The gnoll is severely wounded.
The gnoll hits you with a +0 flail.
* * * LOW HITPOINT WARNING * * *
The scorpion stings you.
You die...
Your body crumbles into a pile of gold.

.# ### #.# s.# #...
#.#.... #####..... #..
#.@sg.g.>. #.#
##g###..... # #.#
#......#...
..##.#########.###..#...
...............# .#
#.##.#####.....###
#.##.# #.##.....
#.##.#####.##.#.##
#...........#.#.#


You could see a scorpion and 3 gnolls.

Vanquished Creatures
  A water moccasin (D:3)
  4 gnolls (D:3)
  3 adders
  An adder skeleton (D:4)
  2 worms
  An orc (D:3)
  3 ball pythons
  4 bats
  4 endoplasms
  4 giant cockroaches
  4 goblins
  7 hobgoblins
  4 kobolds
  A quokka (D:2)
  7 frilled lizards
  5 rats
55 creatures vanquished.

Notes
Turn   | Place    | Note
-------+----------+-------------------------------------------
     0 | D:1      | siradein the Kobold Brigand began the quest for the Orb.
     0 | D:1      | Reached XP level 1. HP: 12/12 MP: 1/1
   283 | D:1      | Reached XP level 2. HP: 18/18 MP: 2/2
   610 | D:1      | Reached XP level 3. HP: 22/22 MP: 3/3
  1958 | D:2      | Reached XP level 4. HP: 27/27 MP: 4/4
  2050 | D:2      | Found a snail-covered altar of Cheibriados.
  2501 | D:3      | Found a stormy altar of Qazlal.
  2666 | D:3      | Reached skill level 6 in Stealth
  2671 | D:3      | Reached XP level 5. HP: 32/32 MP: 5/5
  2675 | D:3      | Found an opulent altar of Gozag.
  2768 | D:3      | Became a worshipper of Gozag Ym Sagoz the Greedy
  2992 | D:3      | Noticed a water moccasin
  2995 | D:3      | Killed a water moccasin
  2996 | D:3      | Reached XP level 6. HP: 37/37 MP: 6/6
  3528 | D:4      | Slain by a scorpion

Illustrated notes

Levels and vault maps discovered:
D:1:      amcnicky_arrival_choice, layout_basic, chequers_serial_rivers_micro_a
D:2:      layout_basic, basic_altar, minmay_pentomino_u4
D:3:      layout_basic, lemuel_coloured_pillars_altar, grunt_qazlal_clouds
D:4:      layout_loops_ring, minmay_temple_entry_sparse_star

Skill      XL: |  1  2  3  4  5 |
---------------+----------------+-----
Short Blades   | 3 4 |  4.3
Dodging        | 2 3 |  3.2
Stealth        | 6 |  6.5
Fighting       | 3 |  3.5
Throwing       | 3 |  3.5

Action                   |  1- 3 |  4- 6 || total
-------------------------+-------+-------++-------
Melee: Dagger            |   134 |    50 ||   184
Throw: Stone             |    24 |     6 ||    30
  Use: Potion            |       |     2 ||     2
 Stab: Sleeping          |    15 |    16 ||    31
       Distracted        |       |     1 ||     1
Armor: Robe              |    27 |     7 ||    34
Dodge: Dodged            |    68 |    34 ||   102
Block: Buckler           |       |     5 ||     5

Table legend: (Time is in decaauts)
 A = Elapsed time spent in this place.
 B = Non-inter-level travel time spent in this place.
 C = Inter-level travel time spent in this place.
 D = Time resting spent in this place.
 E = Time spent auto-exploring this place.
 F = Levels seen in this place.
 G = Mean time per level.
                   A        B        C        D        E       F      G
               +--------+--------+--------+--------+--------+-----+--------+
         Total |   3501 |   3390 |    111 |     83 |   2770 |   4 |  875.2 |
       Dungeon |   3501 |   3390 |    111 |     83 |   2770 |   4 |  875.2 |
               +--------+--------+--------+--------+--------+-----+--------+

Top non-repeatable levels by time:
     D:1: 1575 daAuts
     D:2: 884 daAuts
     D:3: 826 daAuts
     D:4: 215 daAuts
